 Dungeon Crawl Stone Soup version 0.21.0-25-ge575cb9 (webtiles) character file.

5586 JeffiDaFish the Cleaver (level 10, -14/83 HPs)
             Began as a Minotaur Fighter on Jan 23, 2018.
             Was a Believer of Okawaru.
             Demolished by Psyche
             ... wielding a +3 dagger of chaos
              (18 damage)
             ... on level 8 of the Dungeon.
             The game lasted 00:18:48 (6648 turns).

JeffiDaFish the Cleaver (Minotaur Fighter)          Turns: 6648, Time: 00:18:49

Health: -14/83     AC: 18    Str: 26    XL:     10   Next: 45%
Magic:  9/9        EV: 10    Int:  5    God:    Okawaru [**....]
Gold:   529        SH: 11    Dex: 13    Spells: 9/9 levels left

rFire    + . .     SeeInvis .   a - +12 war axe "Reurrubb" {chop, Str+5}
rCold    . . .     Gourm    .   c - +0 shield
rNeg     . . .     Faith    .   n - +0 plate armour
rPois    .         Spirit   .   (helmet restricted)
rElec    .         Reflect  .   j - +0 cloak {+Inv}
rCorr    .         Harm     .   p - +0 pair of gloves
MR       .....                  b - +0 pair of boots
Stlth    ..........             l - amulet of rage
HPRegen  0.23/turn              (no ring)
MPRegen  0.11/turn              h - ring of protection from fire

@: lethally poisoned (-14 -> -18), berserk cooldown, flying, slowed, very slow
A: retaliatory headbutt, horns 2
a: Heroism, Renounce Religion, Evoke Berserk Rage, Evoke Invisibility


You were on level 8 of the Dungeon.
You worshipped Okawaru.
Okawaru was pleased with you.
You were not hungry.

You visited 2 branches of the dungeon, and saw 9 of its levels.

You collected 529 gold pieces.

Inventory:

Hand Weapons
 a - the +12 war axe "Reurrubb" (weapon) {chop, Str+5}
   (You found it on level 8 of the Dungeon)

   It inflicts extra damage upon your enemies.
   It affects your strength (+5).
 s - a +3 hand axe of flaming
Armour
 b - a +0 pair of boots (worn)
 c - a +0 shield (worn)
 j - a +0 cloak of invisibility (worn)
 n - a +0 plate armour (worn)
 p - a +0 pair of gloves (worn)
Jewellery
 h - a ring of protection from fire (right hand)
 l - an amulet of rage (around neck)
 r - an uncursed ring of ice {unknown}
Wands
 q - a wand of disintegration (10)
Scrolls
 e - 7 scrolls of identify
 g - a scroll of remove curse
 m - 2 scrolls of magic mapping
Potions
 d - 3 potions of might
 i - a potion of berserk rage
 o - 2 potions of curing
Comestibles
 f - 23 rations


   Skills:
 - Level 5.8 Fighting
 + Level 10.7 Axes
 + Level 9.8 Armour
 * Level 9.6 Dodging
 - Level 0.8 Stealth
 - Level 5.9 Shields


You had 9 spell levels left.
You didn't know any spells.

Dungeon Overview and Level Annotations

Branches:
Dungeon (8/15)             Temple (1/1) D:7
   Lair: D:8-11

Altars:
Ashenzari
Cheibriados
Dithmenos
Elyvilon
Fedhas
Gozag
Hepliaklqana
Kikubaaqudgha
Makhleb
Nemelex Xobeh
Okawaru
Ru
Sif Muna
Uskayaw
Vehumet
Wu Jian
Xom
Yredelemnul
Zin
The Shining One

Annotations:
D:8 Psyche


Innate Abilities, Weirdness & Mutations

You reflexively headbutt those who attack you in melee.
You have a pair of horns on your head.


Message History

Unknown command.
You slash the porcupine!
You kill the porcupine!
Okawaru accepts your kill.
You hear some strange, mumbled words.
A puff of frost appears from out of thin air!
The puff of frost hits you!
* * * LOW HITPOINT WARNING * * *
Something hits you but does no damage.
You are poisoned.
You slash something!
You feel sick.
Something hits you but does no damage. x2
Something hits you.
* * * LOW HITPOINT WARNING * * *
Something freezes you.
* * * LOW HITPOINT WARNING * * *
Unknown command.
You barely miss something. You headbutt something.
* * * LOW HITPOINT WARNING * * *
You feel sick. Something hits you but does no damage.
You are electrocuted!
You die...

.P.[..♣.......# #.........
..............###.........
...P..........##.....)...#
.P...........##........###
......†††...##........##
......Y..Y.##..........#
.....l..YY###........#.#
........#{#............#
[......##@#.####.####..#
.....## #...##.)...##..#
....# #...#.......#..#
..## #...#.......#..# ##
#......._......#
##...#.......#..#
#....#.......#..#
##...##.....##..#
##....####.####..#


You could see 3 yaks.

Vanquished Creatures
  A hydra (D:8)
  The ghost of bande the Skirmisher, a novice GrFi (D:4)
  2 dream sheep (D:8)
  Sigmund (D:4)
  3 yaks (D:8)
  A basilisk (D:8)
  A hungry ghost (D:7)
  2 porcupines (D:8)
  2 ice beasts
  An orc warrior (D:6)
  A black bear (D:7)
  4 sky beasts
  2 phantoms (D:7)
  3 ogres
  A crocodile (D:8)
  4 big kobolds
  4 scorpions
  A howler monkey (D:6)
  10 wights
  3 crimson imps
  2 bullfrog zombies
  2 jellies (D:6)
  3 hounds
  2 orc priests
  5 orc wizards
  Crazy Yiuf (D:2)
  2 bullfrog skeletons
  2 iguanas (D:7)
  5 worker ants
  A hound skeleton (D:4)
  A howler monkey zombie (D:7)
  4 gnolls (D:7)
  11 adders
  3 shadow imps (D:5)
  2 adder skeletons
  3 worms
  4 dart slugs
  4 leopard geckos
  17 orcs
  2 ball pythons
  7 giant cockroaches
  7 goblins
  9 hobgoblins
  13 jackals
  12 kobolds
  4 quokkas
  6 bats
  5 frilled lizards
  A quokka zombie (D:7)
  7 rats
195 creatures vanquished.

Notes
Turn   | Place    | Note
-------+----------+-------------------------------------------
     0 | D:1      | JeffiDaFish the Minotaur Fighter began the quest for the Orb.
     0 | D:1      | Reached XP level 1. HP: 19/19 MP: 0/0
    69 | D:1      | Reached XP level 2. HP: 23/27 MP: 1/1
   223 | D:1      | Reached XP level 3. HP: 23/33 MP: 2/2
   753 | D:2      | Found a shattered altar of Ashenzari.
   847 | D:2      | Reached skill level 3 in Axes
   937 | D:2      | Found an opulent altar of Gozag.
  1021 | D:2      | Found a glowing golden altar of the Shining One.
  1220 | D:2      | Found a runed door.
  1224 | D:2      | Noticed Crazy Yiuf
  1227 | D:2      | Killed Crazy Yiuf
  1227 | D:2      | Reached XP level 4. HP: 26/40 MP: 3/3
  1356 | D:2      | Found a radiant altar of Vehumet.
  1452 | D:2      | Found a hide-covered altar of Uskayaw.
  1633 | D:3      | Reached skill level 1 in Dodging
  1633 | D:3      | Reached XP level 5. HP: 13/47 MP: 4/4
  1674 | D:3      | Reached skill level 4 in Axes
  2835 | D:4      | Reached XP level 6. HP: 41/53 MP: 5/5
  2877 | D:4      | Reached skill level 5 in Axes
  3122 | D:4      | Reached skill level 5 in Armour
  3289 | D:4      | Reached skill level 5 in Shields
  3331 | D:4      | Noticed bande's ghost (novice GrFi)
  3344 | D:4      | HP: 1/53 [bande's ghost (11)]
  3348 | D:4      | Killed bande's ghost
  3348 | D:4      | Reached skill level 6 in Axes
  3348 | D:4      | Reached XP level 7. HP: 32/60 MP: 6/6
  3660 | D:4      | Noticed Sigmund
  3669 | D:4      | Killed Sigmund
  3669 | D:4      | Reached skill level 5 in Fighting
  3987 | D:5      | Entered Level 5 of the Dungeon
  4063 | D:5      | Reached skill level 7 in Axes
  4314 | D:5      | Reached XP level 8. HP: 61/69 MP: 7/7
  4489 | D:5      | Reached skill level 8 in Axes
  5028 | D:6      | Reached skill level 5 in Dodging
  5028 | D:6      | Reached XP level 9. HP: 47/75 MP: 8/8
  5067 | D:6      | Reached skill level 9 in Axes
  5545 | D:7      | Found a snail-covered altar of Cheibriados.
  5741 | D:7      | Found a sparkling altar of Nemelex Xobeh.
  5993 | D:7      | Found a staircase to the Ecumenical Temple.
  5999 | Temple   | Entered the Ecumenical Temple
  6040 | Temple   | Became a worshipper of Warmaster Okawaru
  6284 | D:8      | Reached skill level 10 in Axes
  6287 | D:8      | Reached * piety under Okawaru
  6288 | D:8      | Reached XP level 10. HP: 50/83 MP: 9/9
  6463 | D:8      | Noticed a two-headed hydra
  6468 | D:8      | Killed a one-headed hydra
  6562 | D:8      | Identified the +12 war axe "Reurrubb" {chop, Str+5} (You found it on level 8 of the Dungeon)
  6573 | D:8      | Found an ornate altar of the Wu Jian Council.
  6627 | D:8      | Reached ** piety under Okawaru
  6630 | D:8      | Noticed Psyche
  6647 | D:8      | HP: 4/83 [something (2)]
  6648 | D:8      | Demolished by Psyche

Skill      XL: |  1  2  3  4  5  6  7  8  9 10 |
---------------+-------------------------------+-----
Shields        | 4 5 |  5.9
Fighting       | 4 5 |  5.8
Armour         | 4 5 6 7 9 |  9.8
Axes           | 3 4 6 7 8 10 | 10.7
Dodging        | 1 5 8 9 |  9.6
Stealth        | |  0.8

Action                   |  1- 3 |  4- 6 |  7- 9 | 10-12 || total
-------------------------+-------+-------+-------+-------++-------
Melee: War axe           |    72 |   134 |   242 |    20 ||   468
       Headbutt          |    12 |    23 |    37 |     5 ||    77
       Hand axe          |       |       |       |    12 ||    12
 Abil: Evoke Berserk Rag |       |       |     1 |       ||     1
  Use: Scroll            |     6 |       |     2 |     1 ||     9
       Potion            |     1 |     6 |     1 |     2 ||    10
  Eat: Chunk             |     1 |     7 |    10 |     1 ||    19
       Ration            |       |       |     1 |       ||     1
Armor: Scale mail        |    28 |    37 |       |       ||    65
       Chain mail        |       |    38 |    26 |       ||    64
       Plate armour      |       |       |   124 |    42 ||   166
Dodge: Dodged            |    25 |    26 |    54 |    14 ||   119
Block: Shield            |    31 |    53 |   128 |    11 ||   223
